[Event "Rated Rapid game"]
[Site "?"]
[Date "2021.02.06"]
[Round "?"]
[White "FallschirmSpringer"]
[Black "MFK91"]
[Result "0-1"]
[ECO "C46"]
[WhiteElo "2488"]
[BlackElo "2267"]
[PlyCount "110"]
[EventDate "2021.??.??"]
[EventType "rapid"]
[TimeControl "900"]

1. e4 e5 2. Nf3 Nc6 3. Nc3 Nf6 4. Nxe5 Nxe5 5. d4 Ng6 6. e5 Ng8 7. Bc4 d5 8.
Bxd5 c6 9. Bb3 Be6 10. O-O Bxb3 11. axb3 Bb4 12. f4 Bxc3 13. bxc3 f5 14. exf6
Nxf6 15. Qe2+ Kf7 16. f5 Nf8 17. Ba3 Qd7 18. Qc4+ Nd5 19. Rae1 Re8 20. Re6 Kg8
21. Bxf8 Rxf8 22. Qd3 Nc7 23. Re5 Re8 24. Qe2 Rxe5 25. dxe5 h6 26. f6 gxf6 27.
exf6 Rh7 28. Qh5 Qf7 29. Qg4+ Kh8 30. Qc8+ Qg8 31. Qxb7 Rf7 32. Qxc6 Ne8 33.
Qe6 Nc7 34. Qe3 Kh7 35. Qe4+ Qg6 36. Qf4 Nd5 37. Qe5 Nxf6 38. h3 Rg7 39. Rf2
Nh5 40. Qe3 Ng3 41. Qf3 Ne4 42. Re2 Ng5 43. Qg4 Nf7 44. Qxg6+ Rxg6 45. Re7 Kg7
46. Rxa7 Rd6 47. Kh2 Rd2 48. Rc7 Rxc2 49. b4 Rb2 50. Rc5 Kf6 51. b5 Ne5 52.
Rc6+ Kf5 53. Rc5 Kf4 54. c4 Nf3+ 55. Kh1 Rb1# {Normal} 0-1

[Event "Rated Blitz game"]
[Site "?"]
[Date "2021.02.06"]
[Round "?"]
[White "AESTHET1CH"]
[Black "molinov"]
[Result "1/2-1/2"]
[ECO "C46"]
[WhiteElo "2594"]
[BlackElo "2420"]
[PlyCount "100"]
[EventDate "2021.??.??"]
[EventType "blitz"]
[TimeControl "180"]

1. e4 e5 2. Nf3 Nc6 3. Nc3 Nf6 4. Nxe5 Nxe5 5. d4 Nc6 6. d5 d6 7. dxc6 bxc6 8.
Be2 Be7 9. O-O Bb7 10. Be3 O-O 11. Qd2 d5 12. e5 Nd7 13. f4 Bc5 14. Bxc5 Nxc5
15. b4 Nd7 16. Na4 Qe7 17. Bg4 Nb6 18. Nc5 Bc8 19. Bxc8 Raxc8 20. a4 Nd7 21.
Nxd7 Qxd7 22. f5 Rfe8 23. Rae1 f6 24. e6 Qd6 25. Qd4 a5 26. c3 Ra8 27. c4 Qxb4
28. Ra1 Rad8 29. Qa7 Qxc4 30. Qxc7 Qc5+ 31. Kh1 Rc8 32. Qf7+ Kh8 33. Rac1 Qe7
34. Qxe7 Rxe7 35. g4 c5 36. Rfd1 g6 37. Rxd5 c4 38. Kg2 Ra7 39. Rc3 gxf5 40.
gxf5 Kg7 41. Kf3 Kh6 42. Kf4 Rb7 43. Rxa5 Rb1 44. Rh3+ Kg7 45. Ra7+ Kg8 46.
Raxh7 Rf1+ 47. Ke4 Re1+ 48. Kf4 Rf1+ 49. Ke4 Re1+ 50. Kf4 Rf1+ {Normal} 1/2-1/2

[Event "Rated Blitz game"]
[Site "?"]
[Date "2021.02.06"]
[Round "?"]
[White "Pepeoutai"]
[Black "God29"]
[Result "0-1"]
[ECO "C46"]
[WhiteElo "2396"]
[BlackElo "2403"]
[PlyCount "84"]
[EventDate "2021.??.??"]
[EventType "blitz"]
[TimeControl "180+2"]

1. e4 e5 2. Nf3 Nc6 3. Nc3 Nf6 4. Nxe5 Nxe5 5. d4 Nc6 6. d5 Bb4 7. dxc6 Nxe4 8.
Qd4 Qe7 9. Be2 O-O 10. O-O Nxc3 11. bxc3 Bc5 12. Qc4 dxc6 13. Bf4 Be6 14. Qe4
Rfe8 15. Bd3 g6 16. Qf3 Bd6 17. Be3 Bd5 18. Qh3 Qe6 19. Qh4 Qe7 20. Qh3 Qf6 21.
c4 Be4 22. Rab1 b6 23. Rfd1 Bf4 24. Bxe4 Rxe4 25. Qf3 Qe5 26. Bxf4 Qxf4 27.
Qxf4 Rxf4 28. Rd7 Rxc4 29. Rxc7 Rxc2 30. a4 Ra2 31. h4 Rxa4 32. h5 c5 33. Re1
Rf4 34. Ree7 gxh5 35. Re5 a5 36. Rg5+ Kh8 37. Rxh5 a4 38. Rc6 Rg4 39. Rxb6 a3
40. Rb1 a2 41. Ra1 Rb4 42. Kh2 Rb1 {Normal} 0-1

[Event "Rated Blitz game"]
[Site "?"]
[Date "2021.02.06"]
[Round "?"]
[White "AESTHET1CH"]
[Black "Azde"]
[Result "1-0"]
[ECO "C46"]
[WhiteElo "2528"]
[BlackElo "2385"]
[PlyCount "75"]
[EventDate "2021.??.??"]
[EventType "blitz"]
[TimeControl "180"]

1. e4 e5 2. Nf3 Nc6 3. Nc3 Nf6 4. Nxe5 Nxe5 5. d4 Ng6 6. e5 Ng8 7. Qf3 d5 8.
Qxd5 Qxd5 9. Nxd5 Kd8 10. Bc4 Be6 11. Ne3 c6 12. O-O Nh6 13. g3 Bxc4 14. Nxc4
Kc7 15. Bxh6 gxh6 16. c3 h5 17. f4 Re8 18. f5 Ne7 19. f6 Nd5 20. Rf5 h4 21. Rh5
hxg3 22. hxg3 Rg8 23. Rxh7 Rxg3+ 24. Kf2 Rg6 25. Rxf7+ Kc8 26. Rh1 b5 27. Na5
Bh6 28. Nxc6 a6 29. Kf3 Re6 30. Rh7 Rxc6 31. R1xh6 Rxh6 32. Rxh6 Kd7 33. f7 Rc8
34. Rd6+ Ke7 35. Rxd5 Kxf7 36. Rd7+ Ke6 37. Ra7 Rc6 38. Ke4 {Normal} 1-0

[Event "Rated Blitz game"]
[Site "?"]
[Date "2021.02.05"]
[Round "?"]
[White "vladlitus"]
[Black "Vyka"]
[Result "1-0"]
[ECO "C46"]
[WhiteElo "2364"]
[BlackElo "2423"]
[PlyCount "23"]
[EventDate "2021.??.??"]
[EventType "blitz"]
[TimeControl "180"]

1. e4 e5 2. Nc3 Nc6 3. Nf3 Nf6 4. Nxe5 Nxe5 5. d4 Nc6 6. d5 Nb8 7. e5 Ng8 8. d6
c6 9. Bc4 b5 10. Bb3 a5 11. Nxb5 a4 12. Nc7+ {Normal} 1-0

[Event "Rated Blitz game"]
[Site "?"]
[Date "2021.02.05"]
[Round "?"]
[White "mulnachnit"]
[Black "JohnChapman"]
[Result "0-1"]
[ECO "C46"]
[WhiteElo "2262"]
[BlackElo "2436"]
[PlyCount "66"]
[EventDate "2021.??.??"]
[EventType "blitz"]
[TimeControl "180"]

1. e4 e5 2. Nc3 Nf6 3. Nf3 Nc6 4. Nxe5 Nxe5 5. d4 d6 6. dxe5 dxe5 7. Bg5 Be6 8.
Qf3 Be7 9. Rd1 Nd7 10. Bxe7 Qxe7 11. Qg3 O-O 12. Nd5 Bxd5 13. Rxd5 c6 14. Rd2
Nf6 15. Bd3 Rad8 16. O-O Nxe4 17. Bxe4 Rxd2 18. Bd3 h6 19. Qe3 Qg5 20. Qe4 g6
21. h4 Qf4 22. Qe1 Rxd3 23. cxd3 Rd8 24. g3 Qd4 25. Qe2 Rd5 26. Rd1 a5 27. Qe3
e4 28. Qxh6 exd3 29. Re1 Re5 30. Rxe5 Qxe5 31. Kg2 Qd5+ 32. Kf1 d2 33. h5 d1=Q#
{Normal} 0-1

[Event "Rated Blitz game"]
[Site "?"]
[Date "2021.02.05"]
[Round "?"]
[White "Aref2233"]
[Black "J0u0ns"]
[Result "1-0"]
[ECO "C46"]
[WhiteElo "2288"]
[BlackElo "2408"]
[PlyCount "127"]
[EventDate "2021.??.??"]
[EventType "blitz"]
[TimeControl "180+2"]

1. e4 e5 2. Nf3 Nc6 3. Nc3 Nf6 4. Nxe5 Nxe5 5. d4 Nc6 6. d5 Bb4 7. dxc6 bxc6 8.
Bd3 d5 9. e5 Ng4 10. O-O O-O 11. Bf4 Re8 12. Re1 Bc5 13. Bg3 h5 14. Na4 h4 15.
Nxc5 hxg3 16. hxg3 Qg5 17. f3 Ne3 18. f4 Qxg3 19. Qf3 Qxf3 20. gxf3 d4 21. Be4
Bf5 22. Bxc6 Nxc2 23. Bxa8 Rxa8 24. Rad1 Nxe1 25. Rxe1 Rb8 26. b3 Rb5 27. Ne4
Rd5 28. Kf2 d3 29. Ke3 Rd8 30. Rc1 d2 31. Rd1 Bxe4 32. fxe4 g5 33. fxg5 Re8 34.
Rxd2 Rxe5 35. Rd7 Rxg5 36. Rxc7 Ra5 37. a4 Kf8 38. Kf4 Ke8 39. Rb7 f6 40. Rh7
Kd8 41. Rf7 Ra6 42. Kf5 Rb6 43. Rxf6 Rxb3 44. Ra6 Rf3+ 45. Ke6 Rf4 46. e5 Kc7
47. Rxa7+ Kb6 48. Ra8 Kb7 49. Ra5 Kb6 50. Rb5+ Kc6 51. Ra5 Kb6 52. Rb5+ Kc6 53.
Rb2 Rxa4 54. Rc2+ Kb7 55. Ke7 Ra6 56. e6 Ra1 57. Rd2 Kc7 58. Rc2+ Kb7 59. Rc4
Rd1 60. Ke8 Rh1 61. e7 Rh8+ 62. Kd7 Rh7 63. Rb4+ Ka6 64. Kd8 {Time forfeit} 1-0

[Event "Rated Blitz game"]
[Site "?"]
[Date "2021.02.04"]
[Round "?"]
[White "forbiddencheapos"]
[Black "uriberto"]
[Result "1-0"]
[ECO "C46"]
[WhiteElo "2308"]
[BlackElo "2447"]
[PlyCount "75"]
[EventDate "2021.??.??"]
[EventType "blitz"]
[TimeControl "300"]

1. e4 e5 2. Nf3 Nf6 3. Nc3 Nc6 4. Nxe5 Nxe5 5. d4 Ng6 6. e5 Ng8 7. Bc4 d5 8.
Bxd5 c6 9. Bb3 Bb4 10. O-O Bxc3 11. bxc3 N8e7 12. f4 h5 13. c4 Nf5 14. c3 h4
15. a4 a5 16. Qd3 Be6 17. Ba3 Qb6 18. Rab1 O-O-O 19. c5 Qc7 20. Bc2 Rd7 21. Rb6
Rhd8 22. Qe4 Nge7 23. Rfb1 Qb8 24. Bc1 Nd5 25. R6b3 Qa7 26. Bd2 Nde7 27. Be1
Bxb3 28. Bxb3 Nxd4 29. cxd4 Rxd4 30. Qc2 Rxf4 31. Bd2 Rf5 32. e6 fxe6 33. Bxe6+
Kc7 34. Bxf5 Rxd2 35. Qxd2 Qxc5+ 36. Kh1 Qxf5 37. Rd1 Qd5 38. Qf4+ {Normal} 1-0

[Event "Rated Blitz game"]
[Site "?"]
[Date "2021.02.04"]
[Round "?"]
[White "nunax"]
[Black "TsapulinAnatoly"]
[Result "0-1"]
[ECO "C46"]
[WhiteElo "2416"]
[BlackElo "2435"]
[PlyCount "88"]
[EventDate "2021.??.??"]
[EventType "blitz"]
[TimeControl "180"]

1. e4 e5 2. Nf3 Nf6 3. Nc3 Nc6 4. Nxe5 Nxe5 5. d4 Nc6 6. d5 Nb8 7. e5 Ng8 8. d6
cxd6 9. exd6 Qa5 10. Bd2 Qe5+ 11. Be3 Bxd6 12. Nb5 Bc5 13. Qd5 Qxd5 14. Nc7+
Kd8 15. Nxd5 Bxe3 16. Nxe3 Nc6 17. O-O-O Nf6 18. Bc4 Ne5 19. Bb3 Re8 20. f4 Nc6
21. Nf5 Re2 22. Nxg7 d5 23. Bxd5 Nxd5 24. Rxd5+ Ke7 25. g3 Nb4 26. Rd2 Rxd2 27.
Kxd2 Be6 28. c3 Rd8+ 29. Kc1 Nd3+ 30. Kc2 Nc5 31. Nxe6 fxe6 32. Re1 Kf6 33. Re5
b6 34. Rh5 Rd7 35. b4 Ne4 36. Kb3 Rd3 37. Rxh7 Rxc3+ 38. Ka4 a6 39. Ra7 Rc2 40.
a3 a5 41. Kb5 axb4 42. axb4 Rxh2 43. Kxb6 Rb2 44. b5 Nd6 {Time forfeit} 0-1

[Event "Rated Blitz game"]
[Site "?"]
[Date "2021.02.04"]
[Round "?"]
[White "cldng"]
[Black "Tichugott"]
[Result "1-0"]
[ECO "C46"]
[WhiteElo "2407"]
[BlackElo "2283"]
[PlyCount "81"]
[EventDate "2021.??.??"]
[EventType "blitz"]
[TimeControl "300"]

1. e4 e5 2. Nf3 Nc6 3. Nc3 Nf6 4. Nxe5 Nxe5 5. d4 Ng6 6. e5 Ng8 7. Bc4 d5 8.
Bxd5 c6 9. Bb3 Be6 10. Bxe6 fxe6 11. O-O Bb4 12. Ne4 N8e7 13. c3 Ba5 14. Nd6+
Kd7 15. Nxb7 Qb6 16. Nc5+ Kc7 17. b4 Bxb4 18. cxb4 Qxb4 19. Rb1 Qc4 20. Rb7+
Kc8 21. Bg5 Re8 22. Qb1 Nd5 23. Rxg7 Rb8 24. Rb7 Nb6 25. Rxb8+ Kxb8 26. Qe4 Qd5
27. Qxd5 cxd5 28. f4 Kc7 29. g4 Kc6 30. Rc1 Nc4 31. Kf2 Rb8 32. Rc2 Re8 33. Kg3
Nf8 34. f5 exf5 35. gxf5 Nd7 36. Nxd7 Kxd7 37. e6+ Kd6 38. Re2 Nb6 39. e7 Nd7
40. Re6+ Kc7 41. f6 {Time forfeit} 1-0

[Event "Rated Blitz game"]
[Site "?"]
[Date "2021.02.04"]
[Round "?"]
[White "nunax"]
[Black "Quillotamaster"]
[Result "1-0"]
[ECO "C46"]
[WhiteElo "2403"]
[BlackElo "2398"]
[PlyCount "141"]
[EventDate "2021.??.??"]
[EventType "blitz"]
[TimeControl "180"]

1. e4 e5 2. Nf3 Nc6 3. Nc3 Nf6 4. Nxe5 Nxe5 5. d4 Ng6 6. e5 Ng8 7. Bc4 d5 8.
Bxd5 N8e7 9. Bb3 Nf5 10. Be3 c5 11. dxc5 Qxd1+ 12. Rxd1 Nxe5 13. Nb5 Nxe3 14.
fxe3 Rb8 15. Nc7+ Ke7 16. O-O Be6 17. Nxe6 fxe6 18. Rd6 Nc6 19. Rxe6+ Kd7 20.
Rf7+ Be7 21. Rxg7 Rbg8 22. Rxg8 Rxg8 23. Rxc6 Rxg2+ 24. Kxg2 bxc6 25. Bg8 Bxc5
26. Bxh7 Bxe3 27. Kf3 Bc1 28. b3 Kd6 29. Ke4 a5 30. a4 Kc5 31. Bf5 Kd6 32. h4
c5 33. h5 Ke7 34. Kd5 Be3 35. Kc4 Kd6 36. Kd3 Bf4 37. Ke4 Bd2 38. Kf3 Ke7 39.
Bd3 Kf6 40. Ke4 Bb4 41. Kd5 Kg5 42. Be2 Kh6 43. Kc4 Ba3 44. c3 Kg5 45. Bf3 Kh6
46. Be2 Kg5 47. Kb5 Bb2 48. Kxa5 Bxc3+ 49. Kb6 Bb4 50. a5 c4 51. Bxc4 Kxh5 52.
a6 Bc3 53. Kb7 Bd4 54. b4 Kg5 55. b5 Kf6 56. b6 Be5 57. a7 Kf5 58. a8=Q Kf4 59.
Qe8 Ke4 60. Qxe5+ Kxe5 61. Kc7 Kd4 62. b7 Kc3 63. b8=Q Kd4 64. Qb3 Ke4 65. Qb5
Kd4 66. Qd5+ Kc3 67. Ba6 Kb4 68. Qb5+ Kc3 69. Qc4+ Kd2 70. Qd3+ Ke1 71. Qe2# {
Normal} 1-0

[Event "Rated Blitz game"]
[Site "?"]
[Date "2021.02.04"]
[Round "?"]
[White "GoughPhar"]
[Black "Wilsonpalencia"]
[Result "0-1"]
[ECO "C46"]
[WhiteElo "2378"]
[BlackElo "2441"]
[PlyCount "52"]
[EventDate "2021.??.??"]
[EventType "blitz"]
[TimeControl "180"]

1. e4 e5 2. Nf3 Nc6 3. Nc3 Nf6 4. Nxe5 Nxe5 5. d4 d6 6. dxe5 dxe5 7. Qxd8+ Kxd8
8. Bg5 Be6 9. O-O-O+ Kc8 10. Nd5 Nxe4 11. Nb6+ cxb6 12. Rd8+ Kc7 13. Rxa8 Nxg5
14. Be2 Ne4 15. Rd1 Nd6 16. Rxa7 Be7 17. Bf3 e4 18. Be2 f5 19. f3 e3 20. g3 g5
21. Ra4 b5 22. Rb4 Kc6 23. Re1 Nc4 24. Rb3 f4 25. Rc3 Kb6 26. b3 Bb4 {Normal}
0-1

[Event "Rated Blitz game"]
[Site "?"]
[Date "2021.02.04"]
[Round "?"]
[White "vladlitus"]
[Black "mabumba"]
[Result "1-0"]
[ECO "C46"]
[WhiteElo "2357"]
[BlackElo "2459"]
[PlyCount "101"]
[EventDate "2021.??.??"]
[EventType "blitz"]
[TimeControl "180"]

1. e4 e5 2. Nc3 Nf6 3. Nf3 Nc6 4. Nxe5 Nxe5 5. d4 Nc6 6. d5 Bb4 7. dxc6 Nxe4 8.
Qd4 Bxc3+ 9. bxc3 Nf6 10. cxd7+ Qxd7 11. Ba3 Qxd4 12. cxd4 Be6 13. O-O-O O-O-O
14. c4 Ne4 15. d5 Nxf2 16. Re1 Bf5 17. Rg1 Rhe8 18. Be2 Bd3 19. Kd2 Bxe2 20.
Rxe2 Rxe2+ 21. Kxe2 Ne4 22. Kd3 Re8 23. Rf1 f6 24. Rf4 Ng5 25. Bb2 Kd7 26. Rg4
h6 27. h4 f5 28. Rg3 Ne4 29. Rxg7+ Re7 30. Rxe7+ Kxe7 31. Ke3 Nd6 32. Kd4 Ne4
33. Bc1 h5 34. Bf4 Kd7 35. c5 c6 36. Ke5 cxd5 37. Kxd5 a6 38. Ke5 Nxc5 39. Kxf5
b5 40. Kg6 Ne6 41. Be3 Kd6 42. Kxh5 Ke5 43. g4 a5 44. g5 b4 45. Kg4 a4 46. Bd2
b3 47. axb3 axb3 48. Bc3+ Kd5 49. h5 Kc4 50. Bb2 Nd4 51. h6 {Time forfeit} 1-0

[Event "Rated Blitz game"]
[Site "?"]
[Date "2021.02.04"]
[Round "?"]
[White "nunax"]
[Black "ramza39"]
[Result "1-0"]
[ECO "C46"]
[WhiteElo "2415"]
[BlackElo "2455"]
[PlyCount "71"]
[EventDate "2021.??.??"]
[EventType "blitz"]
[TimeControl "180"]

1. e4 e5 2. Nf3 Nf6 3. Nc3 Nc6 4. Nxe5 Nxe5 5. d4 Nc6 6. d5 Nb8 7. e5 Ng8 8. d6
f6 9. f4 fxe5 10. fxe5 Qh4+ 11. g3 Qb4 12. a3 Qc5 13. Bf4 Nc6 14. Nb5 cxd6 15.
b4 Qb6 16. exd6 Kd8 17. Qf3 Nd4 18. Bg5+ Ke8 19. Nc7+ Qxc7 20. Qe3+ Ne6 21.
dxc7 Bd6 22. Bf4 Bxf4 23. gxf4 Nf6 24. f5 Nd5 25. Qe5 Ndxc7 26. fxe6 Nxe6 27.
Bc4 Kd8 28. Bxe6 Re8 29. Qg5+ Kc7 30. O-O-O Rxe6 31. Rhe1 a5 32. Rxe6 dxe6 33.
Qxg7+ Kc6 34. Qc3+ Kb6 35. Qc5+ Ka6 36. Qxa5# {Normal} 1-0

[Event "Rated Blitz game"]
[Site "?"]
[Date "2021.02.04"]
[Round "?"]
[White "maximsnigurov"]
[Black "Belyakov_Bogdan"]
[Result "0-1"]
[ECO "C46"]
[WhiteElo "2550"]
[BlackElo "2479"]
[PlyCount "58"]
[EventDate "2021.??.??"]
[EventType "blitz"]
[TimeControl "240+2"]

1. e4 e5 2. Nf3 Nc6 3. Nc3 Nf6 4. Nxe5 Nxe5 5. d4 Ng6 6. e5 Ng8 7. Bc4 d5 8.
Bxd5 N8e7 9. Bb3 Nf5 10. Be3 Be6 11. d5 Bd7 12. O-O Nxe3 13. fxe3 Nxe5 14. Qh5
Bd6 15. Ne4 O-O 16. Rf6 Bg4 17. Qg5 h6 18. Qh4 Bf5 19. Nxd6 cxd6 20. Rxh6 gxh6
21. Qxh6 Bg6 22. Rf1 f5 23. h4 Qf6 24. e4 f4 25. c4 Ng4 26. Qg5 Qxg5 27. hxg5
b6 28. Ba4 Ne5 29. b3 Bxe4 {Normal} 0-1

[Event "Rated Blitz game"]
[Site "?"]
[Date "2021.02.04"]
[Round "?"]
[White "Tactics_for_the_win"]
[Black "frankiejay"]
[Result "1-0"]
[ECO "C46"]
[WhiteElo "2377"]
[BlackElo "2453"]
[PlyCount "57"]
[EventDate "2021.??.??"]
[EventType "blitz"]
[TimeControl "180+2"]

1. e4 e5 2. Nf3 Nc6 3. Nc3 Nf6 4. Nxe5 Nxe5 5. d4 Ng6 6. e5 Ng8 7. Bc4 d5 8.
Bxd5 Bb4 9. Qf3 Qe7 10. O-O Bxc3 11. bxc3 Nh6 12. Bxh6 gxh6 13. Bc6+ Kf8 14.
Bxb7 Bxb7 15. Qxb7 Kg7 16. f4 Nh4 17. Qe4 f5 18. Qd3 Rhg8 19. g3 Kh8 20. Kh1
Rg4 21. gxh4 Qxh4 22. Qxf5 Rag8 23. Rf3 Rg2 24. Qh3 Qxh3 25. Rxh3 Rxc2 26. Rxh6
Rxc3 27. f5 Rd3 28. Re1 Rxd4 29. f6 {Time forfeit} 1-0

[Event "Rated Blitz game"]
[Site "?"]
[Date "2021.02.03"]
[Round "?"]
[White "maximsnigurov"]
[Black "Vyka"]
[Result "1-0"]
[ECO "C46"]
[WhiteElo "2381"]
[BlackElo "2422"]
[PlyCount "75"]
[EventDate "2021.??.??"]
[EventType "blitz"]
[TimeControl "180"]

1. e4 e5 2. Nf3 Nc6 3. Nc3 Nf6 4. Nxe5 Nxe5 5. d4 Ng6 6. e5 Ng8 7. Bc4 d5 8.
Bxd5 c6 9. Be4 Bb4 10. O-O N8e7 11. Bg5 h6 12. Be3 Nf5 13. Qd3 Nxe3 14. fxe3
Bxc3 15. bxc3 Qg5 16. Rf3 O-O 17. Rg3 Nxe5 18. dxe5 Qxe5 19. Rf1 f5 20. Bf3 Be6
21. Qd4 Qf6 22. a3 a6 23. Qb4 Rf7 24. Bh5 Rd7 25. e4 f4 26. e5 Qxe5 27. Rxf4
Qxh5 28. h3 Qe5 29. Kh2 Rad8 30. Re4 Qf5 31. a4 Bd5 32. Re7 Rxe7 33. Qxe7 Rd7
34. Rxg7+ Kh8 35. Qxd7 Qxd7 36. Rxd7 b5 37. a5 Kg8 38. Ra7 {Normal} 1-0

[Event "Rated Blitz game"]
[Site "?"]
[Date "2021.02.03"]
[Round "?"]
[White "mulnachnit"]
[Black "FeedTheTweed"]
[Result "0-1"]
[ECO "C46"]
[WhiteElo "2310"]
[BlackElo "2473"]
[PlyCount "74"]
[EventDate "2021.??.??"]
[EventType "blitz"]
[TimeControl "180"]

1. e4 e5 2. Nc3 Nf6 3. Nf3 Nc6 4. Nxe5 Nxe5 5. d4 Ng6 6. e5 Ng8 7. Bc4 N8e7 8.
Qf3 d5 9. exd6 Qxd6 10. Bxf7+ Kd8 11. Bg5 Be6 12. Bxg6 hxg6 13. O-O-O Kd7 14.
Qxb7 Bd5 15. Nxd5 Qxd5 16. Qxd5+ Nxd5 17. c4 Nf6 18. h4 Ne4 19. Be3 Be7 20. g3
g5 21. hxg5 Bxg5 22. Bxg5 Nxg5 23. f4 Ne4 24. Rxh8 Rxh8 25. g4 Nf2 26. Rf1 Nxg4
27. Rg1 Rh4 28. Kd2 Ke6 29. Kc3 Kf5 30. a4 Rh2 31. a5 Kxf4 32. a6 Rh6 33. Ra1
Nf2 34. Kb4 g5 35. Kb5 Rb6+ 36. Kc5 Ne4+ 37. Kd5 Rd6# {Normal} 0-1

[Event "Rated Blitz game"]
[Site "?"]
[Date "2021.02.03"]
[Round "?"]
[White "forbiddencheapos"]
[Black "Hans_im_Glueck"]
[Result "0-1"]
[ECO "C46"]
[WhiteElo "2332"]
[BlackElo "2459"]
[PlyCount "61"]
[EventDate "2021.??.??"]
[EventType "blitz"]
[TimeControl "300"]

1. e4 e5 2. Nf3 Nc6 3. Nc3 Nf6 4. Nxe5 Nxe5 5. d4 Ng6 6. e5 Ng8 7. Bc4 d5 8.
Bxd5 c6 9. Bb3 Be6 10. O-O N8e7 11. f4 h5 12. Ne4 Nf5 13. c3 Be7 14. Qd3 O-O
15. Bd2 a5 16. Rad1 a4 17. Bc2 b5 18. Ng5 Bxg5 19. fxg5 Nfe7 20. b3 axb3 21.
axb3 Ra2 22. c4 bxc4 23. bxc4 Qd7 24. Bb4 Rb8 25. Bxe7 Qxe7 26. d5 cxd5 27.
cxd5 Bxd5 28. Qxd5 Rxc2 29. Rf5 Qc5+ 30. Qxc5 Rxc5 31. Rd2 {Normal} 0-1

[Event "Rated Blitz game"]
[Site "?"]
[Date "2021.02.03"]
[Round "?"]
[White "highway_star"]
[Black "mindiashvili"]
[Result "1-0"]
[ECO "C46"]
[WhiteElo "2349"]
[BlackElo "2425"]
[PlyCount "78"]
[EventDate "2021.??.??"]
[EventType "blitz"]
[TimeControl "180"]

1. e4 e5 2. Nf3 Nc6 3. Nc3 Nf6 4. Nxe5 Nxe5 5. d4 Ng6 6. e5 d5 7. exf6 Qxf6 8.
Nxd5 Qd8 9. c4 c6 10. Nc3 Bb4 11. Be2 O-O 12. O-O Re8 13. Be3 Qf6 14. Bf3 Nh4
15. Ne4 Qg6 16. Ng3 Nxf3+ 17. Qxf3 Bg4 18. Qf4 h6 19. h3 Be6 20. b3 Rad8 21.
Rad1 Bd6 22. Qh4 Bxg3 23. Qxg3 Qxg3 24. fxg3 Bxc4 25. bxc4 Rxe3 26. Rf3 Rc3 27.
Rxc3 b6 28. d5 f5 29. Rcd3 c5 30. d6 Rd7 31. Rd5 g6 32. g4 Kg7 33. gxf5 g5 34.
g4 Kf6 35. Re1 Rxd6 36. Rxd6+ Kf7 37. Ree6 h5 38. Rd7+ Kf8 39. Rh6 hxg4 {Normal
} 1-0

[Event "Rated Blitz game"]
[Site "?"]
[Date "2021.02.02"]
[Round "?"]
[White "MiguelThal"]
[Black "UsaninMikhail"]
[Result "0-1"]
[ECO "C46"]
[WhiteElo "2372"]
[BlackElo "2484"]
[PlyCount "56"]
[EventDate "2021.??.??"]
[EventType "blitz"]
[TimeControl "180"]

1. e4 e5 2. Nf3 Nc6 3. Nc3 Nf6 4. Nxe5 Nxe5 5. d4 Ng6 6. e5 Ng8 7. Bc4 Bb4 8.
Qf3 Qe7 9. O-O Bxc3 10. bxc3 Nh6 11. Bxh6 gxh6 12. Qe3 O-O 13. f4 Nh4 14. f5
Nxf5 15. Rxf5 d5 16. Rf6 dxc4 17. Qxh6 Be6 18. Raf1 Kh8 19. R1f4 Rg8 20. Rh4
Rg7 21. h3 Rag8 22. g4 Qa3 23. Qd2 Qxa2 24. Rfh6 Qb1+ 25. Kh2 Bd5 26. R4h5 Qh1+
27. Kg3 Qg1+ 28. Kh4 Rxg4+ {Normal} 0-1

[Event "Rated Blitz game"]
[Site "?"]
[Date "2021.02.02"]
[Round "?"]
[White "kahvitauko"]
[Black "Shaginyan_A"]
[Result "1-0"]
[ECO "C46"]
[WhiteElo "2403"]
[BlackElo "2444"]
[PlyCount "61"]
[EventDate "2021.??.??"]
[EventType "blitz"]
[TimeControl "180"]

1. e4 e5 2. Nf3 Nf6 3. Nc3 Nc6 4. Nxe5 Nxe5 5. d4 Bd6 6. dxe5 Bxe5 7. Bd3 Bxc3+
8. bxc3 d6 9. O-O h6 10. h3 O-O 11. c4 Be6 12. Bb2 Nd7 13. f4 f5 14. a4 fxe4
15. Bxe4 Bxc4 16. Qd4 Nf6 17. Qxc4+ Kh8 18. Bd3 d5 19. Qd4 b6 20. Qf2 c5 21.
Rad1 d4 22. c3 Nd5 23. cxd4 Rxf4 24. Qg3 Qd6 25. Rxf4 Nxf4 26. Kh2 cxd4 27. Be4
Rf8 28. Rxd4 Qe7 29. Rd6 Kg8 30. Rxh6 Ne2 31. Bd5+ {Normal} 1-0

[Event "Rated Blitz tournament 6JQgCG4y"]
[Site "?"]
[Date "2021.02.02"]
[Round "?"]
[White "ruzomberok"]
[Black "lord_barre"]
[Result "1-0"]
[ECO "C46"]
[WhiteElo "2351"]
[BlackElo "2412"]
[PlyCount "87"]
[EventDate "2021.??.??"]
[EventType "blitz"]
[TimeControl "180+2"]

1. e4 e5 2. Nf3 Nc6 3. Nc3 Nf6 4. Nxe5 Nxe5 5. d4 Ng6 6. e5 Ng8 7. Bc4 d5 8.
Bxd5 c6 9. Bb3 Bb4 10. O-O Bxc3 11. bxc3 Be6 12. f4 N8e7 13. g4 Bxb3 14. axb3
O-O 15. f5 Nh8 16. Qf3 Nd5 17. f6 gxf6 18. exf6 Re8 19. Bd2 Ng6 20. h4 Qd6 21.
h5 Nf8 22. Rae1 Kh8 23. Bh6 Nd7 24. Bg7+ Kg8 25. c4 Rxe1 26. Rxe1 N5xf6 27. g5
Qxd4+ 28. Kf1 Ng4 29. Bxd4 Nh2+ 30. Kg2 Nxf3 31. Kxf3 Nf8 32. Kg4 Ne6 33. Bf6
a5 34. g6 hxg6 35. hxg6 Nf8 36. g7 Nh7 37. Kf5 a4 38. bxa4 Ra5+ 39. Re5 Ra8 40.
Re7 Ra5+ 41. Re5 Ra8 42. c5 Nxf6 43. Kxf6 Rd8 44. Rh5 {Time forfeit} 1-0

[Event "Rated Blitz game"]
[Site "?"]
[Date "2021.02.01"]
[Round "?"]
[White "D2287"]
[Black "Nebonik"]
[Result "1-0"]
[ECO "C46"]
[WhiteElo "2655"]
[BlackElo "2468"]
[PlyCount "61"]
[EventDate "2021.??.??"]
[EventType "blitz"]
[TimeControl "180+2"]

1. e4 e5 2. Nf3 Nf6 3. Nc3 Nc6 4. Nxe5 Nxe5 5. d4 Ng6 6. e5 Ng8 7. Bc4 Bb4 8.
Qf3 d5 9. Bxd5 Qd7 10. O-O c6 11. Bc4 Qf5 12. Qd1 N8e7 13. Bd3 Qg4 14. Be2 Qh4
15. g3 Qh3 16. Ne4 O-O 17. c4 Rd8 18. a3 Ba5 19. f4 Qd7 20. Nd6 Bc7 21. f5 Nf8
22. c5 Nd5 23. Bc4 Bxd6 24. cxd6 Re8 25. Qg4 Kh8 26. Bd2 b6 27. Rac1 a5 28.
Bxd5 cxd5 29. Rc7 Qb5 30. Rxf7 g6 31. Qh4 {Time forfeit} 1-0

[Event "Rated Blitz tournament gfiGwL45"]
[Site "?"]
[Date "2021.02.01"]
[Round "?"]
[White "LudovicM59"]
[Black "lebedev1966"]
[Result "1-0"]
[ECO "C46"]
[WhiteElo "2420"]
[BlackElo "2246"]
[PlyCount "91"]
[EventDate "2021.??.??"]
[EventType "blitz"]
[TimeControl "180"]

1. e4 Nc6 2. Nf3 e5 3. Nc3 Nf6 4. Nxe5 Nxe5 5. d4 Nc6 6. e5 Ng8 7. Bc4 Bb4 8.
O-O Bxc3 9. bxc3 Nge7 10. Re1 O-O 11. d5 Na5 12. Bd3 d6 13. c4 c6 14. Bf4 dxe5
15. Bxe5 cxd5 16. cxd5 Ng6 17. d6 Nc6 18. Bg3 Be6 19. Qh5 Qf6 20. Qb5 Nd8 21.
Be4 Rc8 22. d7 Rc4 23. Bxb7 Nxb7 24. Qxb7 Rd8 25. Rad1 Rxc2 26. Qxa7 h5 27. Qa5
Rxa2 28. Qxh5 Rxd7 29. Rb1 Rd8 30. h4 Qf5 31. Qxf5 Bxf5 32. h5 Nf8 33. Rb7 Ne6
34. Re7 Rda8 35. Rc1 Ra1 36. Rxa1 Rxa1+ 37. Kh2 Kh7 38. Rxf7 Be4 39. Re7 Ng5
40. f3 Nxf3+ 41. gxf3 Bxf3 42. Be5 Bxh5 43. Rxg7+ Kh6 44. Kg3 Ra2 45. Kf4 Ra4+
46. Kf5 {Time forfeit} 1-0

[Event "Rated Blitz game"]
[Site "?"]
[Date "2021.01.31"]
[Round "?"]
[White "forbiddencheapos"]
[Black "Hans_im_Glueck"]
[Result "1-0"]
[ECO "C46"]
[WhiteElo "2338"]
[BlackElo "2422"]
[PlyCount "115"]
[EventDate "2021.??.??"]
[EventType "blitz"]
[TimeControl "300"]

1. e4 e5 2. Nf3 Nc6 3. Nc3 Nf6 4. Nxe5 Nxe5 5. d4 Ng6 6. e5 Ng8 7. Bc4 d5 8.
Bxd5 c6 9. Bb3 Be6 10. O-O N8e7 11. f4 h5 12. Ne4 Nf5 13. c3 Bd5 14. Ng5 Be7
15. Qd3 Qd7 16. c4 Be6 17. Nxe6 fxe6 18. d5 cxd5 19. cxd5 exd5 20. e6 Qxe6 21.
Bxd5 Qd7 22. Bf7+ Kd8 23. Qxd7+ Kxd7 24. Bxg6 Bc5+ 25. Kh1 Ne7 26. Be4 Kc7 27.
Bd2 Nc6 28. Rac1 Bd4 29. Bxc6 bxc6 30. Bc3 Bxc3 31. Rxc3 Rad8 32. Rfc1 Rd6 33.
h4 Re8 34. R1c2 Re4 35. g3 Red4 36. Kg2 Rd2+ 37. Kf3 Rxc2 38. Rxc2 Rd3+ 39. Kf2
g6 40. Re2 Kd6 41. b4 Rd4 42. a3 Rd3 43. Re3 Rd2+ 44. Kf3 Kd5 45. Rc3 Ra2 46.
Rc5+ Kd6 47. Ra5 Rc2 48. Rxa7 Rc3+ 49. Kg2 Kd5 50. Ra5+ Ke6 51. Rg5 Kf6 52. Rc5
Rxa3 53. Rxc6+ Kf5 54. b5 Rb3 55. b6 Rb1 56. Kf3 Rb3+ 57. Kf2 Rb1 58. Ke2 {
Time forfeit} 1-0